[ AOE2 MATCH · #505195608 ]
UnrankedMongols vs Goths
Player's team · LOSS
Rival team · WIN
[ REPLAY ANALYSIS · EXTRACTED FROM THE RECORDED GAME ]
Feudal
8:01
Castle
20:01
Imperial
41:13
| APM avg | 75.4 |
| APM peak | 123 |
| eAPM avg | 32.2 |
| Villagers / military | 148 / 132 |
Focus
⚔️ 46.7% · 🌾 53.3%
Archer ×54 · Scout Cavalry ×21 · Mangudai ×20 · Skirmisher ×19 · Knight ×12 · Monk ×3
Feudal
11:14
Castle
20:51
Imperial
35:27
| APM avg | 61.5 |
| APM peak | 106 |
| eAPM avg | 29.1 |
| Villagers / military | 162 / 196 |
Focus
⚔️ 33.8% · 🌾 66.2%
Huskarl ×85 · Spearman ×55 · Archer ×33 · Skirmisher ×7 · Scorpion ×6 · Trebuchet (Packed) ×5
Match map
Initial resources + every placement click. Lines = walls · curves = elevation contours. ◆ gold · ⬟ stone · ● berries · ✦ relic · ◌ wall gap
Your base· Open — opponent sealed themselves in
Mawashigeri's base· ✓ Closed at 20:51 · 67t walls · no gate
Smoothed initial terrain · ◌ = detected wall gap · hover for details
Inputs per minute
— DK_Partyman96 - - Mawashigeri
Build order — DK_Partyman96
First 150 of 489 actions detected
| 0:00 | Queue | Villager (Male) |
| 0:00 | Queue | Villager (Male) |
| 0:00 | Queue | Villager (Male) |
| 0:04 | Build | House |
| 0:05 | Build | House |
| 0:11 | Queue | Villager (Male) |
| 1:22 | Queue | Villager (Male) |
| 1:45 | Build | Mill |
| 2:01 | Queue | Villager (Male) |
| 2:31 | Queue | Villager (Male) |
| 2:32 | Queue | Villager (Male) |
| 3:16 | Queue | Villager (Male) |
| 3:16 | Queue | Villager (Male) |
| 3:16 | Queue | Villager (Male) |
| 3:16 | Queue | Villager (Male) |
| 3:28 | Queue | Villager (Male) |
| 3:53 | Build | House |
| 3:55 | Queue | Villager (Male) |
| 4:17 | Queue | Villager (Male) |
| 4:32 | Queue | Villager (Male) |
| 4:33 | Queue | Villager (Male) |
| 4:38 | Queue | Villager (Male) |
| 4:38 | Queue | Villager (Male) |
| 4:56 | Queue | Villager (Male) |
| 5:08 | Build | Lumber Camp |
| 5:23 | Queue | Villager (Male) |
| 5:31 | Research | Feudal Age |
| 7:04 | Build | Mining Camp |
| 7:06 | Research | Loom |
| 7:35 | Build | Barracks |
| 7:42 | Build | Palisade Wall |
| 7:44 | Build | Palisade Wall |
| 7:48 | Build | Palisade Wall |
| 7:50 | Build | Palisade Wall |
| 7:52 | Build | Palisade Wall |
| 8:01 | Age | Feudal Age |
| 8:05 | Queue | Villager (Male) |
| 8:26 | Queue | Villager (Male) |
| 8:30 | Build | Archery Range |
| 8:50 | Queue | Villager (Male) |
| 8:58 | Build | Palisade Wall |
| 9:03 | Build | House |
| 9:08 | Research | Double-Bit Axe |
| 9:20 | Build | Palisade Wall |
| 9:22 | Build | Palisade Wall |
| 9:36 | Queue | Archer |
| 9:38 | Build | Farm |
| 9:40 | Build | Farm |
| 9:43 | Queue | Villager (Male) |
| 9:45 | Queue | Archer |
| 9:51 | Build | Palisade Wall |
| 9:58 | Queue | Archer |
| 10:18 | Build | Palisade Wall |
| 10:37 | Queue | Villager (Male) |
| 10:39 | Build | Blacksmith |
| 10:48 | Build | House |
| 11:00 | Queue | Villager (Male) |
| 11:08 | Queue | Villager (Male) |
| 11:15 | Queue | Villager (Male) |
| 11:17 | Build | Farm |
| 11:17 | Build | Farm |
| 11:20 | Build | Farm |
| 11:33 | Queue | Villager (Male) |
| 11:39 | Build | Mill |
| 11:44 | Research | Fletching |
| 11:49 | Queue | Archer |
| 11:49 | Queue | Villager (Male) |
| 11:57 | Queue | Archer |
| 12:03 | Research | Fletching |
| 12:06 | Build | House |
| 12:20 | Queue | Villager (Male) |
| 12:24 | Build | Farm |
| 12:31 | Build | House |
| 12:33 | Queue | Archer |
| 12:46 | Queue | Villager (Male) |
| 12:57 | Queue | Villager (Male) |
| 12:59 | Build | House |
| 13:23 | Queue | Archer |
| 13:29 | Queue | Villager (Male) |
| 13:31 | Build | Farm |
| 13:31 | Build | Farm |
| 13:44 | Queue | Archer |
| 13:45 | Queue | Villager (Male) |
| 13:51 | Queue | Villager (Male) |
| 13:53 | Queue | Villager (Male) |
| 14:27 | Queue | Archer |
| 14:41 | Queue | Villager (Male) |
| 14:43 | Build | Farm |
| 14:44 | Build | Farm |
| 14:52 | Queue | Villager (Male) |
| 14:57 | Build | Farm |
| 15:04 | Queue | Archer |
| 15:24 | Build | Farm |
| 15:24 | Build | Farm |
| 15:40 | Queue | Villager (Male) |
| 15:57 | Build | House |
| 16:00 | Build | Palisade Wall |
| 16:27 | Build | Stable |
| 16:47 | Build | House |
| 16:53 | Queue | Villager (Male) |
| 17:10 | Build | House |
| 17:13 | Build | Palisade Wall |
| 17:21 | Research | Castle Age |
| 17:29 | Build | Palisade Gate |
| 17:30 | Build | Palisade Wall |
| 17:31 | Build | Palisade Wall |
| 17:44 | Build | House |
| 17:46 | Build | Palisade Wall |
| 18:00 | Queue | Scout Cavalry |
| 18:14 | Queue | Archer |
| 18:22 | Queue | Archer |
| 19:08 | Queue | Archer |
| 19:23 | Build | House |
| 19:26 | Queue | Archer |
| 19:39 | Build | Farm |
| 19:58 | Research | Padded Archer Armor |
| 20:01 | Age | Castle Age |
| 20:02 | Build | House |
| 20:04 | Research | Bodkin Arrow |
| 20:04 | Research | Crossbowman (upgrade) |
| 20:08 | Queue | Villager (Male) |
| 20:20 | Build | University |
| 20:35 | Queue | Archer |
| 20:41 | Queue | Villager (Male) |
| 20:52 | Queue | Knight |
| 20:54 | Queue | Archer |
| 21:02 | Queue | Knight |
| 21:03 | Queue | Villager (Male) |
| 21:09 | Research | Bow Saw |
| 21:37 | Queue | Villager (Male) |
| 21:44 | Queue | Villager (Male) |
| 21:48 | Research | Ballistics |
| 21:52 | Queue | Knight |
| 22:18 | Queue | Archer |
| 22:21 | Queue | Archer |
| 22:22 | Queue | Villager (Male) |
| 22:25 | Queue | Villager (Male) |
| 22:27 | Build | House |
| 22:35 | Queue | Villager (Male) |
| 22:36 | Queue | Archer |
| 22:37 | Build | Farm |
| 22:37 | Build | Farm |
| 22:46 | Queue | Archer |
| 22:46 | Queue | Villager (Male) |
| 23:02 | Queue | Archer |
| 23:09 | Queue | Archer |
| 23:24 | Queue | Archer |
| 23:34 | Queue | Villager (Male) |
| 23:45 | Queue | Archer |
| 24:01 | Queue | Archer |
Build order — Mawashigeri
First 150 of 544 actions detected
| 0:00 | Queue | Villager (Male) |
| 0:01 | Build | House |
| 0:02 | Build | House |
| 0:02 | Queue | Villager (Male) |
| 0:13 | Queue | Villager (Male) |
| 0:14 | Queue | Villager (Male) |
| 0:23 | Research | Loom |
| 1:25 | Queue | Villager (Male) |
| 1:47 | Build | Lumber Camp |
| 1:57 | Queue | Villager (Male) |
| 2:14 | Queue | Villager (Male) |
| 2:49 | Queue | Villager (Male) |
| 3:02 | Queue | Villager (Male) |
| 3:36 | Queue | Villager (Male) |
| 3:55 | Build | House |
| 4:04 | Queue | Villager (Male) |
| 4:29 | Queue | Villager (Male) |
| 4:36 | Build | Barracks |
| 4:48 | Queue | Villager (Male) |
| 5:01 | Build | House |
| 5:18 | Queue | Villager (Male) |
| 5:32 | Queue | Militia |
| 5:44 | Queue | Militia |
| 5:45 | Queue | Villager (Male) |
| 5:54 | Build | House |
| 6:06 | Queue | Militia |
| 6:24 | Queue | Villager (Male) |
| 6:25 | Queue | Villager (Male) |
| 6:32 | Build | Palisade Wall |
| 6:37 | Queue | Villager (Male) |
| 7:00 | Build | Palisade Wall |
| 7:14 | Build | Mill |
| 7:14 | Queue | Villager (Male) |
| 7:30 | Build | Palisade Wall |
| 7:37 | Queue | Villager (Male) |
| 8:02 | Queue | Villager (Male) |
| 8:04 | Build | Mill |
| 8:12 | Build | Palisade Wall |
| 8:27 | Queue | Villager (Male) |
| 8:32 | Build | Palisade Wall |
| 9:04 | Research | Feudal Age |
| 9:07 | Build | Palisade Wall |
| 9:15 | Build | Palisade Wall |
| 9:41 | Build | Palisade Wall |
| 9:47 | Build | Palisade Wall |
| 9:48 | Build | Palisade Wall |
| 9:50 | Build | Palisade Wall |
| 9:52 | Build | Palisade Wall |
| 9:54 | Build | House |
| 9:59 | Build | Mining Camp |
| 10:45 | Build | House |
| 10:49 | Queue | Villager (Male) |
| 11:14 | Age | Feudal Age |
| 11:16 | Build | Palisade Wall |
| 11:17 | Build | Archery Range |
| 11:21 | Research | Double-Bit Axe |
| 11:29 | Build | House |
| 11:39 | Queue | Villager (Male) |
| 11:58 | Queue | Skirmisher |
| 12:02 | Queue | Villager (Male) |
| 12:17 | Build | Farm |
| 12:18 | Research | Horse Collar |
| 12:19 | Queue | Skirmisher |
| 12:20 | Queue | Villager (Male) |
| 12:28 | Queue | Skirmisher |
| 12:29 | Queue | Villager (Male) |
| 12:43 | Queue | Archer |
| 12:50 | Build | Farm |
| 12:52 | Build | Farm |
| 12:52 | Queue | Villager (Male) |
| 12:54 | Build | Farm |
| 13:06 | Build | House |
| 13:08 | Queue | Archer |
| 13:22 | Build | Blacksmith |
| 13:31 | Queue | Skirmisher |
| 13:32 | Queue | Villager (Male) |
| 13:52 | Build | House |
| 13:56 | Queue | Skirmisher |
| 14:00 | Build | Farm |
| 14:10 | Research | Fletching |
| 14:10 | Queue | Villager (Male) |
| 14:17 | Build | Lumber Camp |
| 14:36 | Queue | Villager (Male) |
| 14:44 | Build | Farm |
| 14:55 | Build | Farm |
| 14:58 | Build | Farm |
| 15:00 | Queue | Villager (Male) |
| 15:03 | Build | Farm |
| 15:15 | Build | House |
| 15:20 | Queue | Archer |
| 15:26 | Queue | Villager (Male) |
| 15:28 | Build | Farm |
| 15:48 | Queue | Archer |
| 15:50 | Queue | Villager (Male) |
| 15:58 | Build | Farm |
| 16:07 | Queue | Villager (Male) |
| 16:11 | Build | Farm |
| 16:19 | Build | Farm |
| 16:20 | Queue | Villager (Male) |
| 16:21 | Queue | Archer |
| 16:28 | Build | Farm |
| 16:32 | Build | Farm |
| 16:41 | Build | Farm |
| 17:01 | Queue | Archer |
| 17:01 | Queue | Villager (Male) |
| 17:30 | Queue | Villager (Male) |
| 17:42 | Queue | Archer |
| 17:46 | Build | Archery Range |
| 18:11 | Research | Castle Age |
| 18:13 | Queue | Skirmisher |
| 18:26 | Queue | Skirmisher |
| 18:39 | Research | Padded Archer Armor |
| 18:42 | Queue | Archer |
| 18:51 | Queue | Archer |
| 19:02 | Queue | Archer |
| 19:02 | Queue | Archer |
| 19:14 | Build | House |
| 19:21 | Queue | Archer |
| 19:27 | Queue | Archer |
| 19:29 | Research | Gold Mining |
| 19:32 | Build | House |
| 19:56 | Queue | Villager (Male) |
| 20:00 | Build | House |
| 20:02 | Queue | Archer |
| 20:02 | Queue | Archer |
| 20:18 | Queue | Archer |
| 20:51 | Age | Castle Age |
| 20:52 | Research | Crossbowman (upgrade) |
| 20:54 | Research | Bodkin Arrow |
| 21:12 | Build | University |
| 21:14 | Queue | Villager (Male) |
| 21:25 | Queue | Archer |
| 21:26 | Queue | Archer |
| 21:27 | Queue | Villager (Male) |
| 21:30 | Build | Siege Workshop |
| 21:43 | Queue | Villager (Male) |
| 22:02 | Queue | Archer |
| 22:03 | Queue | Archer |
| 22:20 | Research | Ballistics |
| 22:20 | Research | Ballistics |
| 22:24 | Queue | Villager (Male) |
| 22:26 | Queue | Archer |
| 22:32 | Build | Town Center |
| 22:37 | Queue | Villager (Male) |
| 22:51 | Queue | Villager (Male) |
| 22:59 | Queue | Villager (Male) |
| 23:03 | Queue | Archer |
| 23:04 | Queue | Archer |
| 23:04 | Queue | Villager (Male) |
| 23:14 | Queue | Villager (Male) |
Match timeline
| 4:36 | Mawashigeri · first_building Barracks |
| 6:32 | Mawashigeri · wall_segment Palisade Wall x8 |
| 7:00 | Mawashigeri · wall_segment Palisade Wall x10 |
| 7:30 | Mawashigeri · wall_segment Palisade Wall x6 |
| 7:35 | DK_Partyman96 · first_building Barracks |
| 7:42 | DK_Partyman96 · wall_segment Palisade Wall x1 |
| 7:44 | DK_Partyman96 · wall_segment Palisade Wall x1 |
| 7:48 | DK_Partyman96 · wall_segment Palisade Wall x1 |
| 7:50 | DK_Partyman96 · wall_segment Palisade Wall x1 |
| 7:52 | DK_Partyman96 · wall_segment Palisade Wall x1 |
| 8:01 | DK_Partyman96 · age_up feudal |
| 8:12 | Mawashigeri · wall_segment Palisade Wall x11 |
| 8:30 | DK_Partyman96 · first_building Archery Range |
| 8:32 | Mawashigeri · wall_segment Palisade Wall x12 |
| 8:58 | DK_Partyman96 · wall_segment Palisade Wall x1 |
| 9:07 | Mawashigeri · wall_segment Palisade Wall x6 |
| 9:15 | Mawashigeri · wall_segment Palisade Wall x6 |
| 9:20 | DK_Partyman96 · wall_segment Palisade Wall x1 |
| 9:22 | DK_Partyman96 · wall_segment Palisade Wall x1 |
| 9:41 | Mawashigeri · wall_segment Palisade Wall x1 |
| 9:47 | Mawashigeri · wall_segment Palisade Wall x1 |
| 9:48 | Mawashigeri · wall_segment Palisade Wall x1 |
| 9:50 | Mawashigeri · wall_segment Palisade Wall x1 |
| 9:51 | DK_Partyman96 · wall_segment Palisade Wall x1 |
| 9:52 | Mawashigeri · wall_segment Palisade Wall x1 |
| 10:18 | DK_Partyman96 · wall_segment Palisade Wall x1 |
| 11:14 | Mawashigeri · age_up feudal |
| 11:16 | Mawashigeri · wall_segment Palisade Wall x4 |
| 11:17 | Mawashigeri · first_building Archery Range |
| 16:00 | DK_Partyman96 · wall_segment Palisade Wall x11 |
| 16:27 | DK_Partyman96 · first_building Stable |
| 17:13 | DK_Partyman96 · wall_segment Palisade Wall x8 |
| 17:30 | DK_Partyman96 · wall_segment Palisade Wall x3 |
| 17:31 | DK_Partyman96 · wall_segment Palisade Wall x8 |
| 17:46 | DK_Partyman96 · wall_segment Palisade Wall x9 |
| 20:01 | DK_Partyman96 · age_up castle |
| 20:51 | Mawashigeri · age_up castle |
| 21:30 | Mawashigeri · first_building Siege Workshop |
| 24:17 | DK_Partyman96 · wall_segment Palisade Wall x8 |
| 24:40 | Mawashigeri · wall_segment Palisade Wall x1 |
| 31:33 | DK_Partyman96 · first_building Siege Workshop |
| 31:35 | DK_Partyman96 · first_building Monastery |
| 33:38 | Mawashigeri · first_market_buy 100 stone |
| 33:40 | Mawashigeri · first_building Castle |
| 35:27 | Mawashigeri · age_up imperial |
| 37:57 | DK_Partyman96 · first_market_sell 100 food |
| 40:13 | DK_Partyman96 · first_building Castle |
| 41:13 | DK_Partyman96 · age_up imperial |
| 42:17 | Mawashigeri · first_market_sell 100 food |
| 45:20 | DK_Partyman96 · resign |
[ AI ANALYSIS · 1 CREDIT ]
What really happened in this match?
Wolo.gg analyzes every decision: build order, eco, micro, common mistakes by bracket. Personalized analysis on WhatsApp or Discord in 30 seconds.
Civ guide
Mongols
Perfil
DK_Partyman96